Map: Deathaura LE

Players

ByuN

  • Race: Terran Terran
  • Spawn Location: 5:00

DRG - Winner!

  • Race: Zerg Zerg
  • Spawn Location: 11:00

Event: StayAtHome Story Cup #3

VOD

Have the link to the VOD?

Description

Time

  • Played on: March 12, 2021, 7:53 a.m.
  • Length: 20:17

All games in this series

Show
View Real Time Build Order
Export as new Build Order

ByuN Terran 

Build Orders: Command Center First (CC) 

Get SALT Encoding   

  12  0:00  SCV  
  13  0:12  SCV  
  14  0:16  Supply Depot  
  14  0:24  SCV  
  15  0:38  SCV  
  16  0:50  SCV  
  17  0:58  Command Center  
  17  1:02  SCV  
  18  1:11  Barracks  
  18  1:14  SCV  
  19  1:20  Refinery  
  19  1:26  SCV  
  20  1:33  Barracks  
  20  1:39  SCV  
  21  1:47  Refinery  
  21  1:51  SCV  
  22  2:02  Barracks Reactor  
  22  2:03  Orbital Command  
  22  2:11  Orbital Command  
  22  2:20  Marine  
  23  2:27  Factory  
  23  2:32  SCV  
  24  2:37  SCV  
  24  2:38  Marine  
  24  2:40  Marine  
  24  2:43  Barracks Tech Lab  
  27  2:49  SCV x2  
  29  2:56  Marine  
  29  2:58  Marine  
  31  3:01  SCV, Marine  
  31  3:02  SCV  
  31  3:03  Stimpack  
  34  3:08  Supply Depot  
  33  3:13  SCV  
  33  3:14  SCV, Marine  
  33  3:15  Marine  
  33  3:19  Marine  
  38  3:23  Starport  
  38  3:26  Factory Reactor  
  38  3:29  SCV x2  
  40  3:34  Supply Depot  
  40  3:37  Marine x2  
  40  3:39  Marine  
  43  3:42  SCV  
  43  3:43  SCV  
  43  3:48  Supply Depot  
  45  3:54  SCV  
  46  3:55  SCV  
  46  3:58  Marine x3  
  50  4:06  SCV  
  50  4:07  Medivac  
  50  4:08  SCV  
  50  4:09  Medivac  
  56  4:11  Supply Depot  
  56  4:16  Marine  
  57  4:18  SCV  
  57  4:22  Hellion  
  57  4:24  Hellion  
  62  4:25  Armory  
  62  4:32  SCV x2  
  62  4:34  Marine, Supply Depot  
  65  4:43  Hellion  
  67  4:46  Hellion  
  67  4:48  Combat Shield  
  67  4:52  Marine  
  70  4:56  SCV x2, Starport Reactor, Supply Depot  
  72  5:03  Command Center  
  72  5:05  Supply Depot  
  72  5:08  Hellion  
  72  5:11  Marine x3  
  77  5:23  SCV  
  77  5:25  Refinery  
  77  5:26  Refinery, Engineering Bay x2  
  78  5:32  SCV  
  78  5:35  SCV  
  80  5:42  Marine x2  
  76  5:44  SCV  
  76  5:47  SCV  
  73  5:56  SCV, Marine, Medivac x2  
  79  5:59  SCV  
  79  6:03  Terran Infantry Weapons Level 1  
  79  6:04  Terran Infantry Armor Level 1  
  80  6:08  SCV  
  80  6:09  Barracks x2  
  81  6:11  SCV, Barracks  
  81  6:12  Widow Mine x2  
  86  6:20  Orbital Command, SCV  
  86  6:23  SCV, Terran Vehicle And Ship Armor Level 1  
  88  6:26  Marine x2  
  88  6:28  Marine  
  88  6:32  SCV, Medivac  
  94  6:33  Medivac  
  94  6:35  SCV  
  97  6:45  SCV  
  97  6:46  Orbital Command, Supply Depot  
  98  6:48  SCV, Supply Depot  
  100  6:54  Factory  
  100  6:55  Marine x2  
  100  6:56  Marine  
  100  6:57  SCV  
  100  7:00  Barracks Reactor x2, SCV  
  104  7:07  Marine  
  105  7:12  Marine  
  105  7:15  Widow Mine x2, Barracks Reactor  
  110  7:19  SCV x2  
  110  7:21  Barracks Reactor, SCV  
  113  7:25  Marine x2  
  115  7:30  Marine  
  115  7:31  SCV  
  115  7:34  SCV x2  
  117  7:39  Supply Depot x2  
  117  7:41  Medivac x2  
  117  7:43  SCV, Marine  
  121  7:45  Factory Tech Lab  
  121  7:46  Widow Mine x2, SCV  
  121  7:49  SCV  
  125  7:53  Marine  
  125  7:57  Missile Turret  
  125  7:59  Missile Turret, Supply Depot  
  125  8:00  SCV, Marine, Supply Depot  
  125  8:02  Terran Infantry Armor Level 2  
  125  8:04  Terran Infantry Weapons Level 2  
  127  8:09  Marine x4  
  127  8:11  Marine x2  
  127  8:12  Marine  
  134  8:13  Marine  
  134  8:16  Drilling Claws  
  135  8:22  Supply Depot  
  135  8:23  Supply Depot  
  135  8:30  Marine  
  135  8:31  Marine x8  
  135  8:33  Widow Mine x2  
  137  8:48  Marine  
  137  8:49  Marine x8  
  144  8:58  SCV  
  144  8:59  SCV  
  144  9:01  SCV  
  137  9:06  Supply Depot x2  
  137  9:08  Command Center  
  131  9:10  SCV  
  131  9:11  SCV, Marine  
  131  9:12  Marine x6  
  131  9:13  Marauder  
  131  9:17  Thor  
  142  9:18  Widow Mine  
  142  9:20  Widow Mine  
  154  9:26  Refinery  
  154  9:28  Missile Turret  
  154  9:31  Terran Vehicle And Ship Armor Level 2  
  154  9:32  Marine  
  154  9:34  Marine x5  
  154  9:36  Marine  
  158  9:39  Marine  
  158  9:44  Marauder  
  161  9:48  Widow Mine x2  
  161  9:50  Marine  
  161  9:51  Marine  
  161  9:52  Marine  
  168  9:56  Missile Turret  
  168  9:57  Supply Depot  
  168  9:58  Marine x2  
  168  9:59  Supply Depot  
  170  10:00  Widow Mine  
  170  10:01  Marine  
  170  10:03  Missile Turret  
  173  10:15  Widow Mine, Marine x2, Medivac x2  
  173  10:17  Supply Depot  
  173  10:18  Marine  
  173  10:19  Terran Infantry Armor Level 3  
  182  10:24  Sensor Tower  
  176  10:29  Widow Mine  
  176  10:30  Marine x6  
  176  10:33  Widow Mine, Marine x2  
  169  10:36  Marauder  
  169  10:37  Widow Mine  
  169  10:42  Barracks x2  
  173  10:44  Barracks  
  173  10:47  Marine  
  173  10:48  Marine x5  
  177  10:59  Marine x2  
  177  11:00  Marauder  
  170  11:05  Marine  
  170  11:06  Marine x4, Planetary Fortress  
  175  11:14  Widow Mine  
  175  11:18  Marine x2  
  152  11:19  Medivac x2  
  152  11:21  Widow Mine x2  
  152  11:22  SCV x2, Marauder  
  154  11:25  SCV  
  154  11:27  Marine x4  
  154  11:28  Marine  
  151  11:34  SCV x2  
  151  11:35  Widow Mine  
  134  11:42  Widow Mine  
  134  11:43  Marauder, Marine x3  
  134  11:45  Marine x3  
  116  11:48  SCV x3  
  116  11:49  Medivac x2  
  116  11:52  Marine x2  
  116  12:00  SCV x2  
  116  12:01  SCV, Marine x2  
  120  12:03  Marine x2  
  123  12:10  Barracks Tech Lab, Marine  
  123  12:12  SCV x2  
  123  12:13  SCV  
  127  12:19  Medivac x2  
  127  12:21  Barracks Tech Lab x2  
  131  12:23  Marine x6  
  131  12:24  SCV x2  
  131  12:25  SCV  
  131  12:27  Sensor Tower, Missile Turret  
  131  12:28  Widow Mine x2, Marine  
  145  12:33  Missile Turret  
  145  12:40  Marauder x2  
  147  12:46  Marine x7  
  151  12:54  Concussive Shells  
  151  12:55  Barracks Tech Lab  
  151  12:57  Widow Mine x2, Thor  
  160  13:01  Marine  
  160  13:02  Marauder  
  160  13:05  Marauder  
  165  13:10  Marine x5  
  165  13:11  Marine  
  169  13:18  Widow Mine, Marauder  
  169  13:19  Widow Mine, Marauder  
  176  13:21  Terran Infantry Weapons Level 3  
  176  13:23  Marauder  
  176  13:24  Command Center, Missile Turret  
  178  13:31  Marauder x2  
  172  13:38  Medivac x2  
  172  13:39  Marauder  
  172  13:40  Widow Mine x2  
  182  13:43  Marine x5  
  182  13:44  Marine x2  
  173  13:52  Marine x2  
  173  13:54  Thor  
  181  14:00  Marine  
  181  14:01  Marine x2  
  181  14:02  Marauder x2, Marine x3  
  151  14:05  SCV  
  151  14:10  Orbital Command, Marine x2  
  151  14:15  Widow Mine  
  151  14:16  Widow Mine  
  156  14:17  SCV  
  156  14:20  Marine  
  156  14:26  Marine x2  
  156  14:29  SCV  
  159  14:33  Marine x3  
  159  14:34  Marine  
  159  14:37  Widow Mine x2  
  167  14:41  SCV, Marine  
  167  14:42  Marine  
  167  14:43  Marine x2  
  167  14:44  Marine  
  165  14:46  Marine  
  166  14:54  Marine x4  
  164  15:11  Marauder x3  
  164  15:13  Marauder  
  172  15:16  Sensor Tower  
  172  15:31  Marine x6  
  172  15:32  Marauder x2  
  172  15:33  Marauder  
  172  15:34  Marauder  
  182  15:49  Marine x4  
  175  15:54  Marauder x3  
  175  15:55  Widow Mine x2  
  175  15:56  Marauder  
  187  15:57  Marine  
  188  16:05  SCV  
  188  16:06  SCV, Planetary Fortress  
  188  16:08  Widow Mine  
  188  16:09  Orbital Command, Marine x4  
  194  16:11  Marine  
  194  16:15  Marauder x2, Marine  
  200  16:21  SCV  
  197  16:34  Marauder  
  197  16:36  Missile Turret  
  197  16:37  Missile Turret  
  197  16:38  Missile Turret  
  196  16:49  Marauder x2  
  196  16:50  Barracks Tech Lab x2  
  195  17:09  Widow Mine  
  195  17:11  Marine x10  
  195  17:12  Widow Mine x2  
  134  17:28  Marine  
  134  17:29  Marine x9  
  137  17:31  Widow Mine  
  137  17:34  Widow Mine, SCV x2  
  141  17:39  Widow Mine  
  143  17:46  SCV x2, Marine  
  143  17:47  Marine x9  
  154  17:52  Widow Mine  
  154  17:55  Widow Mine  
  155  18:01  Widow Mine  
  155  18:04  Marine x6  
  155  18:05  Marine  
  152  18:06  Marine x2  
  152  18:07  Marine  
  146  18:17  Widow Mine  
  120  18:22  Marine  
  120  18:23  Marauder x2  
  120  18:24  Medivac x2  
  121  18:27  Missile Turret  
  121  18:29  SCV x2  
  121  18:32  Marine  
  124  18:41  SCV  
  124  18:42  SCV  
  124  18:48  Widow Mine  
  128  18:52  Marine x8  
  128  18:54  Medivac x2  
  137  18:56  Marine x2  
  129  19:10  Marine x6  
  129  19:12  Thor  
  131  19:39  Widow Mine x2, Marine x9  
  140  19:57  Marine x4  
Show
View Real Time Build Order
Export as new Build Order

DRG Zerg - Winner!

Build Orders: Pool First, Muta Ling Bane 

Get SALT Encoding   

  12  0:00  Drone  
  13  0:12  Overlord  
  13  0:16  Drone  
  14  0:30  Drone x2  
  16  0:40  Spawning Pool  
  15  0:43  Drone  
  15  0:46  Drone  
  17  1:07  Hatchery  
  17  1:10  Drone  
  17  1:24  Extractor  
  16  1:27  Zergling x6  
  16  1:30  Queen  
  21  1:37  Overlord  
  21  1:49  Drone  
  22  1:59  Drone  
  23  2:06  Queen  
  25  2:10  Drone  
  26  2:19  Queen, Overlord  
  28  2:24  Metabolic Boost  
  28  2:27  Drone  
  29  2:32  Drone  
  29  2:35  Drone  
  31  2:38  Drone  
  31  2:40  Drone  
  31  2:42  Drone  
  34  2:44  Drone  
  34  2:48  Drone  
  36  2:51  Drone  
  37  3:06  Hatchery  
  37  3:09  Drone  
  37  3:11  Drone  
  38  3:13  Drone x2  
  38  3:17  Overlord  
  40  3:20  Drone  
  40  3:22  Drone  
  40  3:24  Drone  
  40  3:25  Drone  
  44  3:35  Queen  
  44  3:36  Overlord  
  44  3:37  Drone  
  44  3:38  Drone  
  44  3:40  Drone  
  49  3:47  Overlord  
  49  3:49  Drone x3  
  49  3:53  Overlord  
  52  3:58  Drone  
  52  3:59  Drone x4  
  57  4:08  Drone  
  58  4:10  Queen  
  62  4:17  Drone  
  62  4:18  Queen  
  62  4:20  Overlord  
  65  4:24  Zergling x2  
  65  4:25  Zergling x4  
  65  4:27  Zergling x2  
  69  4:34  Baneling Nest  
  69  4:38  Zergling x6  
  69  4:45  Zergling x10  
  74  4:46  Queen  
  74  4:49  Extractor  
  74  4:50  Extractor  
  74  4:54  Queen  
  74  4:55  Drone x7  
  74  4:57  Lair  
  74  4:58  Overlord  
  83  5:01  Drone x2  
  83  5:06  Overlord  
  85  5:13  Overlord  
  85  5:15  Zergling x2  
  85  5:19  Zergling x10  
  91  5:22  Extractor  
  91  5:23  Extractor, Queen  
  91  5:24  Extractor  
  91  5:27  Drone x4  
  94  5:30  Baneling x7, Queen  
  96  5:38  Zergling x8  
  96  5:41  Drone  
  91  5:43  Drone  
  91  5:47  Drone x2  
  85  5:55  Zergling x10  
  85  5:56  Overlord  
  90  5:59  Spire  
  90  6:02  Centrifical Hooks  
  89  6:08  Zergling x6  
  92  6:13  Queen  
  92  6:14  Queen  
  92  6:16  Zergling x4  
  97  6:19  Drone  
  97  6:21  Drone  
  97  6:22  Drone x2  
  101  6:26  Drone x3  
  104  6:33  Overlord  
  104  6:36  Overlord  
  104  6:37  Drone x2  
  104  6:38  Drone  
  107  6:40  Overseer  
  107  6:41  Hatchery  
  107  6:43  Zergling x4  
  108  6:48  Zergling x6  
  108  6:49  Baneling  
  108  6:50  Baneling x5  
  108  6:53  Zergling x6  
  114  6:56  Overlord  
  114  6:57  Zergling x2  
  114  6:58  Zergling x2  
  116  7:07  Overlord  
  116  7:13  Spore Crawler  
  116  7:15  Spore Crawler  
  114  7:17  Spore Crawler x2  
  112  7:25  Mutalisk x7  
  126  7:31  Mutalisk x2  
  126  7:34  Drone  
  130  7:39  Drone x3  
  133  7:47  Zergling x14  
  140  7:51  Mutalisk x2  
  140  7:56  Drone x4  
  148  8:01  Drone x5  
  153  8:05  Overlord  
  153  8:09  Drone  
  153  8:11  Evolution Chamber x2  
  152  8:13  Overlord  
  152  8:18  Drone x6  
  158  8:21  Overlord  
  158  8:22  Baneling x5  
  158  8:24  Overlord  
  157  8:28  Overlord  
  157  8:32  Zergling x2  
  157  8:33  Zergling x10  
  163  8:42  Zergling x14  
  163  8:45  Zergling x2  
  163  8:46  Zergling x6  
  160  8:57  Zergling x14  
  160  8:58  Zergling x4  
  160  9:00  Baneling x3  
  154  9:03  Mutalisk  
  154  9:09  Mutalisk x4  
  156  9:12  Zerg Melee Weapons Level 1, Zerg Ground Armor Level 1  
  162  9:20  Zergling x16  
  162  9:23  Queen  
  172  9:24  Drone, Extractor  
  172  9:27  Pneumatized Carapace  
  172  9:28  Overseer  
  172  9:30  Zerg Flyer Weapons Level 1  
  171  9:31  Mutalisk  
  171  9:32  Mutalisk x2  
  171  9:34  Baneling x14  
  177  9:38  Baneling x6  
  177  9:41  Drone x6  
  183  9:48  Zergling x14  
  183  9:50  Baneling  
  183  9:51  Baneling x4  
  190  9:55  Zergling x8  
  194  10:06  Extractor  
  193  10:08  Mutalisk x3, Infestation Pit  
  198  10:22  Hatchery  
  187  10:30  Zergling x18  
  187  10:31  Zergling x6  
  188  10:35  Zergling x14  
  188  10:40  Mutalisk x2  
  188  10:42  Zergling x2  
  199  10:46  Hive  
  199  10:50  Baneling x12  
  189  11:02  Zergling x20  
  183  11:04  Baneling x12  
  183  11:06  Zergling x8  
  183  11:09  Zergling x6  
  161  11:19  Zergling x2  
  161  11:20  Zergling x10  
  161  11:23  Mutalisk  
  161  11:24  Mutalisk  
  164  11:29  Zergling x2  
  164  11:38  Zergling x18  
  164  11:39  Zerg Ground Armor Level 2, Zerg Melee Weapons Level 2  
  154  11:48  Zergling x14  
  154  11:52  Mutalisk x3  
  154  11:53  Zerg Flyer Weapons Level 2  
  162  11:58  Baneling x16  
  162  11:59  Drone x3  
  162  12:00  Drone, Queen  
  162  12:01  Drone x2  
  168  12:11  Mutalisk  
  168  12:12  Mutalisk x2  
  168  12:13  Zergling x14  
  181  12:20  Extractor  
  181  12:21  Overseer  
  178  12:26  Adrenal Glands  
  178  12:27  Zergling x18  
  187  12:33  Baneling x7  
  187  12:34  Baneling x2  
  187  12:35  Overseer  
  187  12:38  Drone x2  
  187  12:39  Spore Crawler  
  187  12:40  Overlord  
  188  12:49  Ultralisk Cavern  
  184  12:52  Spore Crawler  
  184  12:54  Spine Crawler  
  182  12:59  Zergling x18  
  191  13:12  Baneling x11  
  191  13:18  Queen, Overlord  
  192  13:20  Overlord  
  192  13:21  Hatchery  
  192  13:22  Zergling x12  
  195  13:30  Baneling x12  
  195  13:31  Baneling x4  
  191  13:34  Zergling x12  
  190  13:44  Mutalisk  
  190  13:45  Mutalisk x5  
  190  13:50  Baneling x6  
  190  13:51  Zergling x18  
  191  14:02  Zerg Melee Weapons Level 3  
  170  14:04  Zergling x2  
  170  14:05  Zergling x18  
  170  14:08  Zergling x8  
  177  14:12  Baneling x7  
  177  14:16  Zergling x10  
  182  14:17  Baneling  
  182  14:18  Baneling  
  182  14:19  Baneling x3  
  182  14:25  Zergling x12  
  182  14:29  Baneling  
  182  14:30  Baneling x8  
  188  14:34  Chitinous Plating  
  180  14:54  Ultralisk x3  
  198  15:03  Baneling x10  
  198  15:10  Overseer  
  198  15:11  Overseer  
  198  15:27  Zergling x8  
  200  15:32  Baneling x5  
  200  15:34  Zerg Ground Armor Level 3  
  199  15:35  Zerg Flyer Weapons Level 3  
  199  15:41  Hatchery  
  196  15:43  Zergling x10  
  196  15:49  Baneling x6  
  197  15:52  Anabolic Synthesis  
  194  16:14  Zergling x10  
  199  16:19  Extractor, Spine Crawler x2  
  199  16:23  Zergling x22  
  199  16:31  Zergling x18  
  200  16:34  Baneling x12  
  194  16:44  Baneling x10  
  192  16:48  Overlord x2  
  192  16:49  Overseer x3  
  192  16:53  Zergling x18  
  200  16:58  Overlord  
  193  17:13  Zergling x14  
  170  17:19  Zergling x34  
  165  17:23  Zergling x12  
  165  17:24  Zergling x18  
  165  17:26  Mutalisk x9  
  165  17:29  Baneling x2  
  185  17:30  Viper  
  185  17:32  Zergling x2  
  183  17:37  Zergling x8  
  173  18:02  Ultralisk x2  
  173  18:04  Mutalisk x5  
  157  18:14  Zergling x16  
  147  18:25  Mutalisk x4  
  155  18:37  Baneling x7  
  155  18:38  Baneling x6  
  155  18:44  Mutalisk x4  
  163  18:55  Zergling x16  
  166  19:34  Zergling x18  
  175  19:40  Baneling x7, Zergling x14  
  175  19:41  Zergling x6  
  185  19:50  Zergling x2  
  185  19:51  Zergling x14  
  185  19:52  Overlord x2  
  186  20:02  Hatchery  
Tags
 
Add a new tag
Caveats
  • Supply blocks, unpowered buildings, or Contaminate may cause inaccurate times.
  • Supply counts are checked every 10 seconds.